 Dungeon Crawl Stone Soup version 0.31-a0-313-g785cd24033 (webtiles) character file.

Game seed: 10505425511076081935

19111 Impy the Grappler (level 12, -3/130 HPs)
             Began as a Troll Shapeshifter on July 17, 2023.
             Was an Initiate of Gozag.
             Slain by a skeletal warrior
             ... wielding a +0 short sword
              (24 damage)
             ... on level 10 of the Dungeon.
             The game lasted 00:22:21 (9221 turns).

Impy the Grappler (Troll Shapeshifter)              Turns: 9221, Time: 00:22:21

Health: -3/130     AC:  4    Str: 34    XL:     12   Next: 33%
Magic:  20/20      EV: 10    Int:  4    God:    Gozag
Gold:   1813       SH:  0    Dex: 12    Spells: 11/11 levels left

rFire   . .          .
                       - Unarmed
rCold   . . .        (no shield)
rNeg    . . .        a - +0 animal skin
rPois   .            (helmet currently unavailable)
rElec   .            (cloak currently unavailable)
rCorr   .            (gloves unavailable)
SInv    .            (boots unavailable)
Will    .....        C - amulet of regeneration
Stlth   +            k - +4 ring of slaying
HPRegen 2.01/turn    y - ring "Xoimout" {MP+9 Str+4 Dex+2 Slay+3}
MPRegen 0.17/turn

%: no passive effects
@: beast-form, gold aura
A: beast (slay +7), large, unfitting armour, claws 3, regeneration 1, shaggy fur
1, tough skin 1
a: Begin Untransformation, Renounce Religion, Potion Petition, Call Merchant,
Bribe Branch


You were on level 10 of the Dungeon.
You worshipped Gozag.
Gozag was most pleased with you.
You were a hulking beast.
You visited 3 branches of the dungeon, and saw 13 of its levels.
You also visited: Bailey.

You collected 3048 gold pieces.
You spent 1103 gold pieces at shops.
You paid 132 gold pieces to Gozag.

Inventory:

Missiles
 H - 3 throwing nets
Armour
 a - a +0 animal skin (worn)
 g - a +0 cloak
 B - a +0 kite shield
 G - a +0 hat
Jewellery
 j - a ring of resist corrosion
 k - a +4 ring of slaying (left claw)
 l - a ring of see invisible
 q - a ring of flight
 x - a ring of poison resistance
 y - the ring "Xoimout" (right claw) {MP+9 Str+4 Dex+2 Slay+3}
   (You bought it in a shop on level 4 of the Dungeon)

   [ring of magical power]

   Str:       It affects your strength (+4).
   Dex:       It affects your dexterity (+2).
   Slay:      It affects your accuracy & damage with ranged weapons and melee
   (+3).
   MP:        It affects your magic capacity (+9).
 C - an amulet of regeneration (around neck)
 J - a ring of ice
Talismans
 c - a beast talisman
Wands
 i - a wand of digging (7)
 p - a wand of roots (24)
 t - a wand of paralysis (13)
 v - a wand of mindburst (17)
 A - a wand of flame (20)
 I - a wand of polymorph (4)
Scrolls
 m - 2 scrolls of blinking
 n - a scroll of fog
 o - 2 scrolls of teleportation
 D - 2 scrolls of revelation
 E - 3 scrolls of identify
 F - a scroll of noise
Potions
 b - a potion of curing
 d - 2 potions of mutation
 f - 7 potions of enlightenment
 h - 4 potions of brilliance
 r - a potion of resistance
 s - 2 potions of haste
 u - a potion of ambrosia
 z - a potion of lignification
Miscellaneous
 e - a sack of spiders
 w - a lightning rod (4/4)


   Skills:
 - Level 11.0 Fighting
 - Level 1.5 Dodging
 - Level 11.4 Unarmed Combat
 + Level 10.4 Shapeshifting


You had 11 spell levels left.
You didn't know any spells.
Your spell library contained the following spells:

 Spells                   Type           Power      Damage    Failure   Level
 Apportation              Tloc           0%         N/A       50%         1
 Kiss of Death            Conj/Necr      0%         2d5       50%         1
 Magic Dart               Conj           0%         1d3       50%         1
 Necrotise                Necr           0%         1d4       50%         1
 Slow                     Hex            0%         N/A       50%         1
 Sting                    Tmut/Pois      0%         1d3       50%         1
 Summon Small Mammal      Summ           0%         N/A       50%         1
 Lesser Beckoning         Tloc           0%         N/A       65%         2
 Poisonous Vapours        Pois/Air       0%         N/A       65%         2
 Searing Ray              Conj           0%         2d4       65%         2
 Confusing Touch          Hex            0%         N/A       86%         3
 Gell's Gravitas          Tloc           0%         N/A       86%         3
 Hailstorm                Conj/Ice       0%         3d3       86%         3
 Teleport Other           Tloc           0%         N/A       86%         3
 Vampiric Draining        Necr           0%         2d6       86%         3
 Fulminant Prism          Conj/Hex       0%         3d5       99%         4
 Olgreb's Toxic Radiance  Pois           0%         N/A       99%         4
 Sticky Flame             Conj/Fire      0%         2d3       99%         4
 Summon Ice Beast         Ice/Summ       0%         N/A       99%         4
 Summon Forest            Summ/Tloc      0%         N/A       100%        5
 Summon Mana Viper        Hex/Summ       0%         N/A       100%        5
 Conjure Ball Lightning   Conj/Air       0%         3x3d6     100%        6
 Summon Cactus Giant      Summ           0%         N/A       100%        6
 Monstrous Menagerie      Summ           0%         N/A       100%        7
 Simulacrum               Ice/Necr       Unusable   N/A       N/A         6

Dungeon Overview and Level Annotations

Branches:
Dungeon (10/15)            Temple (1/1) D:7            Lair (2/5) D:9
 Bailey (visited)
  Swamp: Lair:2-3    Shoals: Lair:2-3     Snake: Lair:2-3    Spider: Lair:2-3
    Orc: D:9-12

Altars:
Ashenzari
Cheibriados
Dithmenos
Elyvilon
Fedhas
Gozag
Hepliaklqana
Kikubaaqudgha
Makhleb
Nemelex Xobeh
Okawaru
Qazlal
Ru
Sif Muna
Trog
Uskayaw
Vehumet
Wu Jian
Xom
Yredelemnul
Zin
The Shining One

Shops:
D:3 [   D:4 [=??   D:6 :

Annotations:
Lair:2 Amaemon


Innate Abilities, Weirdness & Mutations

You are a hulking beast.
Your limbs bulge with bestial killing power. (Slay +7)
You are too large for most types of armour.
You have claws for hands.
Your natural rate of healing is unusually fast.
You are covered in fur. (AC +1)
You have tough skin. (AC +1)


Message History

The skeletal warrior is moderately damaged.
You scratch the skeletal warrior.
The skeletal warrior is moderately damaged.
The skeletal warrior hits you with a +2 hand axe of distortion!
Space warps around you.
You claw the skeletal warrior!
The skeletal warrior is heavily damaged.
You closely miss the skeletal warrior.
A skeletal warrior comes into view. It is wielding a +0 short sword.
You claw the skeletal warrior!
The skeletal warrior is severely damaged.
You mangle the skeletal warrior!!
You destroy the skeletal warrior!
The skeletal warrior is distracted by your dazzling golden aura.
You scratch the skeletal warrior.
The skeletal warrior is no longer distracted by gold.
The skeletal warrior is lightly damaged.
The skeletal warrior hits you with a +0 long sword!
You scratch the skeletal warrior but do no damage.
The skeletal warrior is lightly damaged.
The skeletal warrior barely misses you.
The skeletal warrior hits you with a +0 long sword!!
You mangle the skeletal warrior!!
The skeletal warrior is heavily damaged.
The skeletal warrior hits you with a +0 short sword!!
The skeletal warrior hits you with a +0 long sword!!
You are too injured to fight recklessly!
You are too injured to fight recklessly!
You claw the skeletal warrior!
The skeletal warrior is severely damaged.
You claw the skeletal warrior!
The skeletal warrior is almost destroyed.
The skeletal warrior hits you with a +0 long sword!!
* * * LOW HITPOINT WARNING * * *
The skeletal warrior barely misses you.
You claw the skeletal warrior!
You destroy the skeletal warrior!
The skeletal warrior hits you with a +0 short sword!!
You die...
Your body crumbles into a pile of gold.

#.....# ###'###
#.....##
##.....##
##.....##
##.....##
##.....# .#
######'####...#
.........h$....#
..........z....#
################


You could see a skeletal warrior.

Vanquished Creatures
  Fannar (Lair:1)
  Harold (D:9)
  Erica (Lair:1)
  A boulder beetle (Lair:2)
  A centaur warrior (D:9)
  3 death yaks (D:9)
  A two-headed ogre (D:9)
  2 skeletal warriors (D:10)
  Pikel (D:4)
  An orc knight (Bailey)
  A cyclops (D:9)
  Maurice (D:9)
  Joseph (D:9)
  3 cane toads (Lair:1)
  Maggie (D:7)
  A rime drake (Lair:1)
  A komodo dragon (Lair:2)
  4 trolls
  Prince Ribbit (D:9)
  Sigmund (D:2)
  A wraith (D:9)
  2 wyverns
  16 yaks
  4 steam dragons
  A swamp worm (Lair:2)
  3 water moccasins
  2 black bears
  An ice beast (D:5)
  9 orc warriors
  3 sky beasts
  3 ogres (D:5)
  2 centaurs
  A phantom (D:7)
  3 kobold brigands
  4 gnoll sergeants
  6 bullfrogs
  A scorpion (D:5)
  7 wights
  2 jellies
  12 killer bees
  3 howler monkeys
  Crazy Yiuf (D:2)
  A hound (D:4)
  2 gnoll boudas
  5 orc priests
  2 sleepcaps
  Terence (D:2)
  4 orc wizards
  5 iguanas
  3 hell rats (D:9)
  23 gnolls
  4 adders
  4 white imps
  2 ufetubi
  A worm (D:2)
  3 dart slugs
  25 orcs
  2 endoplasms
  4 giant cockroaches
  10 goblins
  4 hobgoblins
  6 jackals
  5 quokkas
  8 ball pythons
  4 bats
  2 frilled lizards
  23 kobolds
  8 rats
  A spectral goblin (D:1)
277 creatures vanquished.

Vanquished Creatures (others)
  An orc (D:8)
1 creature vanquished.

Grand Total: 278 creatures vanquished

Notes
Turn   | Place    | Note
-------+----------+-------------------------------------------
     0 | D:1      | Impy the Troll Shapeshifter began the quest for the Orb.
     0 | D:1      | Reached XP level 1. HP: 19/19 MP: 0/0
   101 | D:1      | Reached XP level 2. HP: 27/27 MP: 1/1
   344 | D:1      | Reached XP level 3. HP: 31/33 MP: 2/2
   710 | D:1      | Found a faded altar of an unknown god.
  1141 | D:2      | Noticed Sigmund
  1150 | D:2      | Killed Sigmund
  1151 | D:2      | Reached skill level 5 in Unarmed Combat
  1151 | D:2      | Reached XP level 4. HP: 12/41 MP: 3/3
  1151 | D:2      | Reached XP level 5. HP: 14/48 MP: 4/4
  1247 | D:2      | Noticed Terence
  1266 | D:2      | Killed Terence
  1313 | D:2      | Found a runed translucent door.
  1314 | D:2      | Noticed Crazy Yiuf
  1478 | D:2      | Killed Crazy Yiuf
  1479 | D:2      | Reached XP level 6. HP: 55/55 MP: 5/5
  1706 | D:3      | Found Mozipe's Antique Armour Emporium.
  2057 | D:4      | Found a white marble altar of Elyvilon.
  2239 | D:4      | Found Pitoq's Magic Scroll Emporium.
  2242 | D:4      | Bought a scroll of blinking for 75 gold pieces
  2317 | D:4      | Found Qasefy's Magic Scroll Boutique.
  2407 | D:4      | Bought a scroll of teleportation for 42 gold pieces
  2679 | D:4      | Found Hauleaq's Antique Armour Shoppe.
  2759 | D:4      | Noticed Pikel
  2775 | D:4      | Killed Pikel
  2776 | D:4      | Reached XP level 7. HP: 41/62 MP: 6/6
  2823 | D:4      | Found Kaom's Jewellery Emporium.
  3113 | D:5      | Entered Level 5 of the Dungeon
  3135 | D:5      | Reached XP level 8. HP: 70/70 MP: 7/7
  3154 | D:5      | Reached skill level 10 in Unarmed Combat
  3333 | D:5      | You fall into a shaft and drop 2 floors!
  3410 | D:7      | Found a staircase to the Ecumenical Temple.
  3423 | Temple   | Entered the Ecumenical Temple
  3441 | Temple   | Became a worshipper of Gozag Ym Sagoz the Greedy
  3640 | D:7      | Found a flagged portal.
  3669 | Bailey   | Entered a bailey
  3704 | Bailey   | Reached XP level 9. HP: 83/83 MP: 8/8
  3940 | Bailey   | Noticed an orc knight
  3957 | Bailey   | Killed an orc knight
  3958 | Bailey   | Reached skill level 5 in Fighting
  4387 | D:7      | Noticed Maggie
  4394 | D:7      | Killed Maggie
  4940 | D:6      | Found Estrarut's Book Emporium.
  5025 | D:6      | Got Efurgh's Octavo of the Salvo
  5109 | D:6      | Reached XP level 10. HP: 88/104 MP: 9/9
  5338 | D:5      | Found an iron altar of Okawaru.
  5343 | D:5      | Identified the +1 spear of True Grit {flame, Dex+3}
  5914 | D:4      | Bought the ring "Xoimout" {MP+9 Str+4 Dex+2 Slay+3} for 626
                  | gold pieces
  5914 | D:4      | Bought an amulet of regeneration for 360 gold pieces
  6201 | D:8      | Found a blossoming altar of Fedhas.
  6497 | D:8      | Found a shimmering blue altar of Sif Muna.
  6703 | D:9      | Noticed a death yak
  6704 | D:9      | Noticed a death yak
  6709 | D:9      | Noticed a death yak
  6715 | D:9      | Killed a death yak
  6720 | D:9      | Killed a death yak
  6721 | D:9      | Reached skill level 10 in Fighting
  6725 | D:9      | Killed a death yak
  6728 | D:9      | Noticed Harold
  6751 | D:9      | Killed Harold
  6752 | D:9      | Reached XP level 11. HP: 37/120 MP: 10/10
  6797 | D:9      | Found a staircase to the Lair.
  6818 | D:9      | Found a shimmering altar of Xom.
  6818 | D:9      | Found a basalt altar of Yredelemnul.
  6861 | D:9      | Noticed Maurice
  6878 | D:9      | Killed Maurice
  6947 | D:9      | Noticed a centaur warrior
  6966 | D:9      | Killed a centaur warrior
  6972 | D:9      | Reached skill level 5 in Shapeshifting
  7119 | D:9      | Found a broken altar of Ashenzari.
  7273 | D:9      | Noticed Prince Ribbit
  7280 | D:9      | Killed Prince Ribbit
  7380 | D:9      | Noticed a two-headed ogre
  7383 | D:9      | Noticed Joseph
  7386 | D:9      | Killed a two-headed ogre
  7394 | D:9      | Killed Joseph
  7721 | Lair:1   | Entered Level 1 of the Lair of Beasts
  7873 | Lair:1   | Noticed Erica
  7881 | Lair:1   | Killed Erica
  8427 | Lair:1   | Noticed Fannar
  8436 | Lair:1   | Killed Fannar
  8437 | Lair:1   | Reached XP level 12. HP: 65/130 MP: 11/11
  8619 | Lair:2   | Noticed Amaemon
  8726 | Lair:2   | Noticed a boulder beetle
  8752 | Lair:2   | Killed a boulder beetle
  8828 | Lair:2   | Noticed an eight-headed hydra
  8829 | Lair:2   | Noticed a five-headed hydra
  8912 | D:10     | Entered Level 10 of the Dungeon
  8947 | D:10     | Reached skill level 10 in Shapeshifting
  9221 | D:10     | Slain by a skeletal warrior

Illustrated notes

Levels and vault maps discovered:
D:1:      lemuel_arrival_river_passageway, layout_basic,
          dreamdust_ecumenical_altar_drowned_temple, serial_bayou_lake_a
D:2:      layout_rooms, uniq_terence, uniq_sigmund, uniq_crazy_yiuf_cottage
D:3:      layout_rooms, serial_shops, shop
D:4:      layout_basic, elyvilon_altar_1, serial_shops,
          nicolae_shop_gaudy_bauble, shop, nicolae_shop_trees,
          kennysheep_mini_moat, uniq_pikel
D:5:      layout_basic, okawaru_ov_weapons_minmay,
          chequers_serial_rivers_micro_c
D:6:      layout_basic, serial_shops, nicolae_shop_crystal
D:7:      layout_loops_ring, temple_fountains, enter_bailey_6, uniq_maggie
D:8:      layout_cave_pools, mainiacjoe_overflow_tiny_flanked,
          mainiacjoe_overflow_24_doors
D:9:      layout_gridville, jmf_multi_god_temple, dpeg_lair_monsters,
          st_stairs_5, minmay_ruined_shrine, uniq_maurice, uniq_harold,
          uniq_prince_ribbit1, uniq_joseph
D:10:     layout_rooms, minmay_quadrilaterals
Temple:   kb_temple_of_zot
Lair:1:   layout_cave_pods, uniq_erica, uniq_fannar
Lair:2:   layout_cave_pods, palyth_hydra_swamp_entry, st_stairs_3,
          grunt_megastairs_2, serial_bayou_shore_a, uniq_amaemon

Skill      XL: |  1  2  3  4  5  6  7  8  9 10 11 12 |
---------------+-------------------------------------+-----
Unarmed Combat | 3 5 6 9 11 | 11.4
Fighting       | 3 7 11 | 11.0
Shapeshifting  | 9 10 | 10.4
Dodging        | |  1.5

Action                     |  1- 3 |  4- 6 |  7- 9 | 10-12 || total
---------------------------+-------+-------+-------+-------++-------
  Melee: Unarmed           |    83 |    80 |   175 |   308 ||   646
         Punch             |       |     1 |     6 |    21 ||    28
  Evoke: Wand              |       |       |     4 |     7 ||    11
         Lightning rod     |       |       |       |     2 ||     2
    Use: Scroll            |     4 |     4 |     5 |     6 ||    19
         Potion            |     1 |     1 |     4 |     2 ||     8
   Stab: Sleeping          |       |     1 |       |     1 ||     2
         Distracted        |       |       |     1 |       ||     1
 Armour: Animal skin       |    21 |    22 |    34 |    29 ||   106
         Skin              |     1 |     3 |    11 |    18 ||    33
  Dodge: Dodged            |    33 |    25 |    65 |    92 ||   215

Table legend: (Time is in decaauts)
 A = Elapsed time spent in this place.
 B = Non-inter-level travel time spent in this place.
 C = Inter-level travel time spent in this place.
 D = Time resting spent in this place.
 E = Time spent auto-exploring this place.
 F = Levels seen in this place.
 G = Mean time per level.
                   A        B        C        D        E       F      G
               +--------+--------+--------+--------+--------+-----+--------+
         Total |   9132 |   8484 |    648 |    100 |   6741 |  14 |  652.3 |
       Dungeon |   7469 |   6927 |    542 |    100 |   5599 |  10 |  746.9 |
        Temple |     35 |     35 |      0 |      0 |      0 |   1 |   35.0 |
          Lair |   1166 |   1060 |    106 |      0 |    875 |   2 |  583.0 |
        Bailey |    460 |    460 |      0 |      0 |    267 |   1 |  460.0 |
               +--------+--------+--------+--------+--------+-----+--------+

Top non-repeatable levels by time:
     D:4: 1310 daAuts
     D:9: 1030 daAuts
  Lair:1: 1026 daAuts
     D:1: 994 daAuts
     D:7: 820 daAuts
     D:5: 775 daAuts
     D:6: 615 daAuts
     D:8: 593 daAuts
     D:2: 518 daAuts
     D:3: 514 daAuts
  Bailey: 460 daAuts
    D:10: 296 daAuts
  Lair:2: 140 daAuts
  Temple: 35 daAuts
